Map: Jagannatha LE

Players

HellraiseR

  • Race: Protoss Protoss
  • League: Grandmaster
  • Spawn Location: 1:00

BlyOnFire (Bly) - Winner!

  • Race: Zerg Zerg
  • Spawn Location: 7:00

Event: DreamHack SC2 Masters 2020 Winter

VOD

Have the link to the VOD?

Description

Time

  • Played on: Nov. 1, 2020, 10:15 a.m.
  • Length: 12:22

All games in this series

Show
View Real Time Build Order
Export as new Build Order

HellraiseR Protoss 

Build Orders: 1 Gate Expand, Oracle Opening, Zealot Archon 

Get SALT Encoding   

  12  0:00  Probe  
  13  0:13  Probe  
  14  0:20  Pylon  
  14  0:25  Probe (Chrono Boost)  
  15  0:39  Gateway, Probe (Chrono Boost)  
  16  0:47  Probe (Chrono Boost)  
  16  0:48  Assimilator  
  17  0:54  Probe  
  18  1:06  Probe  
  19  1:18  Probe  
  20  1:25  Nexus  
  20  1:36  Cybernetics Core  
  20  1:38  Probe  
  21  1:46  Assimilator  
  21  1:50  Probe  
  22  1:54  Pylon  
  22  2:02  Probe  
  23  2:09  Adept (Chrono Boost)  
  23  2:10  Probe  
  26  2:17  Stargate  
  26  2:18  Probe  
  27  2:25  Warp Gate  
  27  2:31  Probe (Chrono Boost)  
  27  2:35  Stalker  
  30  2:38  Probe (Chrono Boost)  
  32  2:46  Probe (Chrono Boost)  
  32  2:47  Probe (Chrono Boost)  
  33  2:52  Probe  
  33  2:53  Probe  
  33  2:54  Void Ray (Chrono Boost)  
  35  3:04  Probe  
  40  3:05  Probe  
  41  3:18  Probe x2  
  41  3:19  Gateway  
  43  3:28  Pylon  
  43  3:30  Probe x2  
  45  3:42  Assimilator, Probe  
  45  3:43  Assimilator  
  45  3:44  Oracle (Chrono Boost)  
  45  3:46  Probe  
  50  3:53  Pylon  
  50  3:54  Probe  
  51  3:58  Probe  
  52  4:06  Probe  
  51  4:10  Probe  
  51  4:12  Oracle (Chrono Boost)  
  51  4:16  Robotics Facility  
  54  4:18  Probe  
  55  4:25  Probe  
  55  4:28  Adept  
  55  4:29  Adept  
  60  4:33  Pylon  
  60  4:36  Nexus, Probe  
  62  4:38  Probe  
  62  4:51  Pylon, Oracle  
  65  4:54  Probe  
  65  4:55  Probe  
  67  5:04  Observer  
  67  5:07  Probe  
  69  5:09  Probe  
  69  5:11  Shield Battery  
  70  5:15  Twilight Council  
  70  5:16  Forge  
  70  5:17  Sentry x2  
  70  5:19  Probe  
  70  5:21  Probe  
  76  5:24  Pylon  
  76  5:31  Probe  
  76  5:33  Probe  
  78  5:42  Pylon, Immortal (Chrono Boost)  
  82  5:43  Probe  
  82  5:45  Probe  
  82  5:47  Pylon x2  
  82  5:48  Probe  
  85  5:51  Protoss Ground Weapons Level 1  
  85  5:52  Charge  
  85  5:55  Probe  
  86  5:59  Probe  
  87  6:07  Probe  
  87  6:08  Probe  
  90  6:11  Probe, Immortal (Chrono Boost)  
  90  6:18  Gateway x2  
  94  6:19  Probe, Templar Archives  
  94  6:20  Probe  
  94  6:21  Gateway  
  96  6:25  Gateway  
  96  6:30  Gateway  
  96  6:32  Gateway  
  96  6:36  Assimilator  
  96  6:37  Assimilator  
  96  6:40  Warp Prism (Chrono Boost)  
  96  6:41  Probe  
  96  6:42  Probe  
  96  6:43  Probe  
  96  6:44  Pylon  
  101  6:54  Zealot x2, Probe  
  104  6:56  Pylon  
  104  6:59  Photon Cannon  
  106  7:01  Photon Cannon  
  105  7:14  Phoenix (Chrono Boost)  
  107  7:16  Stargate  
  107  7:17  Pylon  
  107  7:22  Immortal  
  111  7:24  Nexus  
  111  7:27  Probe x2  
  111  7:28  Probe  
  114  7:30  Phoenix (Chrono Boost)  
  113  7:39  Probe x2  
  113  7:40  High Templar x2  
  113  7:41  High Templar x2, Zealot x2  
  124  7:47  Archon x2  
  124  7:49  Probe  
  124  7:50  Pylon  
  125  7:51  Probe  
  125  7:53  Phoenix (Chrono Boost)  
  127  8:02  Probe  
  127  8:04  Phoenix (Chrono Boost)  
  130  8:08  Probe  
  130  8:10  Phoenix, Probe  
  134  8:16  Zealot x6  
  148  8:30  Zealot x2  
  141  8:34  Probe  
  141  8:35  Phoenix  
  141  8:38  Zealot x4  
  141  8:39  Probe  
  141  8:40  Probe  
  135  8:41  Probe  
  135  8:46  Probe  
  135  8:50  High Templar x4  
  135  8:52  Shield Battery, Probe  
  135  8:53  Probe  
  135  8:54  Archon  
  145  8:55  Photon Cannon, Probe  
  145  8:58  Archon, Probe  
  147  9:04  Probe  
  147  9:05  Zealot x4, Probe  
  157  9:14  Probe  
  157  9:15  Assimilator  
  158  9:19  Assimilator  
  158  9:22  Pylon, Zealot x2  
  158  9:23  Zealot x2  
  145  9:25  Probe  
  145  9:27  Probe  
  145  9:28  Zealot x2  
  145  9:33  Phoenix  
  145  9:41  Probe (Chrono Boost)  
  145  9:44  Probe x2 (Chrono Boost)  
  147  9:49  Protoss Air Weapons Level 1  
  147  9:50  Probe (Chrono Boost)  
  147  9:52  High Templar x3  
  154  9:53  High Templar  
  154  9:54  Probe (Chrono Boost)  
  154  9:55  Protoss Shields Level 1 (Chrono Boost), Probe x2 (Chrono Boost)  
  154  9:56  Photon Cannon  
  154  9:58  Archon x2, Probe (Chrono Boost)  
  154  9:59  Shield Battery  
  159  10:03  Probe  
  160  10:17  Zealot x4, Blink (Chrono Boost)  
  167  10:29  Probe x2  
  167  10:30  Probe x2  
  148  10:41  Probe  
  145  10:45  Probe  
  145  10:46  Probe x2  
  145  10:48  High Templar x3  
  145  10:49  High Templar, Zealot x4  
  163  10:53  Archon x2, Probe  
  164  10:57  Photon Cannon, Probe  
  164  10:59  Photon Cannon  
  164  11:01  Shield Battery  
  164  11:02  Probe  
  164  11:17  Probe  
  165  11:18  High Templar  
  165  11:19  High Templar x3  
  165  11:20  Probe  
  165  11:23  Archon x2  
  165  11:24  Zealot x4  
  178  11:40  Pylon, Nexus  
  178  11:41  Probe x2  
  178  11:42  Pylon  
  180  11:54  Pylon x2  
  180  11:57  Fleet Beacon  
  180  12:02  High Templar x3  
  180  12:03  Zealot x3  
  180  12:06  Archon  
  120  12:15  Stalker x2  
Show
View Real Time Build Order
Export as new Build Order

BlyOnFire Zerg - Winner!

Build Orders: Hatch First, Brood Lord Corruptor, Swarm Host 

Get SALT Encoding   

  12  0:00  Drone  
  13  0:12  Overlord  
  13  0:16  Drone  
  14  0:30  Drone x2  
  16  0:47  Hatchery  
  15  0:51  Drone  
  15  0:55  Drone  
  17  0:57  Drone  
  18  1:10  Extractor  
  17  1:13  Spawning Pool  
  17  1:17  Drone  
  17  1:19  Drone  
  18  1:27  Drone  
  19  1:38  Drone  
  20  1:49  Drone  
  20  1:50  Hatchery  
  20  2:01  Zergling x2  
  20  2:02  Queen  
  23  2:11  Queen  
  25  2:15  Drone  
  26  2:23  Overlord  
  26  2:28  Drone x2  
  28  2:32  Metabolic Boost  
  28  2:43  Queen  
  30  2:49  Zergling x4  
  32  2:55  Drone x4  
  35  3:02  Overlord  
  35  3:07  Overlord  
  35  3:08  Zergling x2  
  36  3:17  Drone  
  36  3:18  Drone x2  
  39  3:24  Zergling x6  
  39  3:26  Drone x3  
  45  3:34  Drone  
  45  3:36  Drone x2  
  48  3:41  Queen  
  48  3:46  Overlord x2  
  50  3:52  Overlord  
  50  3:57  Overlord  
  46  4:10  Drone x9  
  46  4:16  Lair  
  54  4:19  Drone x2  
  54  4:21  Roach Warren  
  55  4:28  Drone x3  
  55  4:30  Overlord  
  58  4:38  Drone  
  58  4:41  Spore Crawler  
  58  4:42  Spore Crawler, Extractor  
  54  4:49  Drone x3, Spore Crawler  
  54  4:52  Drone x3, Extractor  
  59  4:53  Extractor  
  57  5:03  Roach x2  
  57  5:04  Roach x3  
  67  5:16  Drone x6  
  67  5:19  Roach x2  
  77  5:23  Drone x3  
  77  5:36  Hatchery  
  76  5:44  Overlord  
  76  5:45  Overlord  
  76  5:46  Extractor  
  76  5:47  Extractor  
  76  5:49  Glial Reconstitution  
  74  5:50  Drone x3  
  74  5:51  Drone  
  74  5:52  Drone x2  
  74  5:53  Drone x5, Evolution Chamber  
  74  5:56  Drone  
  85  5:57  Drone  
  85  5:59  Hatchery  
  85  6:01  Overseer  
  85  6:06  Overlord x3  
  85  6:22  Zerg Melee Weapons Level 1  
  86  6:25  Zergling x16  
  93  6:34  Baneling Nest  
  93  6:36  Spire  
  93  6:37  Drone x8, Infestation Pit  
  98  6:50  Drone x2, Spore Crawler  
  98  6:51  Drone x3  
  102  7:03  Extractor  
  99  7:14  Drone x2  
  99  7:15  Drone  
  102  7:18  Extractor  
  102  7:21  Swarm Host x10  
  102  7:22  Swarm Host  
  134  7:28  Overlord  
  129  7:45  Hatchery  
  129  7:48  Hive  
  129  7:51  Roach x4, Zergling x28  
  147  7:58  Overlord x5  
  149  8:01  Spine Crawler  
  149  8:04  Overlord  
  148  8:06  Overlord  
  148  8:09  Overlord  
  148  8:16  Overlord  
  148  8:20  Zergling x22  
  158  8:33  Roach x7  
  157  8:39  Roach x4  
  145  8:51  Roach x3  
  145  8:52  Roach x5  
  161  8:57  Overseer  
  161  8:58  Centrifical Hooks  
  161  9:02  Greater Spire  
  161  9:22  Corruptor x7  
  161  9:24  Overlord  
  169  9:33  Corruptor x3  
  169  9:36  Baneling x7  
  166  9:48  Drone x5  
  166  9:51  Zerg Melee Weapons Level 2  
  171  9:56  Ravager  
  172  10:01  Zergling x26  
  182  10:37  Corruptor x2  
  188  10:50  Brood Lord x7  
  198  11:11  Spine Crawler x2  
  198  11:15  Spine Crawler  
  191  11:27  Corruptor x4  
  191  11:29  Baneling x12  
  191  11:30  Baneling x6  
  199  11:44  Baneling x13  
  199  12:04  Hatchery  
Tags
 
Add a new tag
Caveats
  • Supply blocks, unpowered buildings, or Contaminate may cause inaccurate times.
  • Supply counts are checked every 10 seconds.